 Dungeon Crawl Stone Soup version 0.24.1-14-gf8d2b509d9 (webtiles) character file.

Game seed: 15529747647784816924, levelgen mode: deterministic

286 Hugehornet the Covert (level 6, -1/39 HPs)
             Began as an Octopode Assassin on May 19, 2020.
             Slain by a phantom (9 damage)
             ... on level 3 of the Dungeon.
             The game lasted 00:06:47 (3354 turns).

Hugehornet the Covert (Octopode Assassin)           Turns: 3354, Time: 00:06:48

Health: -1/39      AC:  1    Str: 11    XL:     6   Next: 30%
Magic:  15/15      EV: 13    Int: 15    God:
Gold:   159        SH:  0    Dex: 13    Spells: 5/5 levels left

rFire    . . .     SeeInvis .   u - +0 dagger (speed)
rCold    . . .     Gourm    .   (no shield)
rNeg     . . .     Faith    .   (helmet restricted)
rPois    .         Spirit   .   (no amulet)
rElec    .         Reflect  .   (no ring)
rCorr    .         Harm     .   k - ring of magical power
MR       .....                  (no ring)
Stlth    +++++.....             (no ring)
HPRegen  0.13/turn              (no ring)
MPRegen  0.14/turn              (no ring)
                                (no ring)
                                (no ring)

@: no status effects
A: almost no armour, stealthy swim, amphibious, 8 rings, constrict 8, camouflage
1, gelatinous body 1
a: no special abilities


You were on level 3 of the Dungeon.
You were hungry.

You visited 1 branch of the dungeon, and saw 4 of its levels.

You collected 159 gold pieces.

Inventory:

Hand Weapons
 a - a +2 dagger
 m - a +1 dagger of venom
 u - a +0 dagger of speed (weapon)
Missiles
 b - 25 poisoned darts
 c - 2 curare-tipped darts
 j - 149 stones (quivered)
 n - 53 sling bullets
 p - 5 boomerangs
 v - 6 javelins
Jewellery
 k - a ring of magical power (right tentacle)
Scrolls
 i - a scroll of remove curse
 l - a scroll of enchant weapon {unknown}
 s - a scroll of identify
Potions
 e - 3 potions of curing
 f - 2 potions of heal wounds {unknown}
 g - a potion of brilliance {unknown}
 h - 4 potions of lignification {unknown}
 o - a potion of might {unknown}
 q - 3 potions of magic {unknown}
 r - a potion of agility {unknown}
 t - a potion of mutation {unknown}
Comestibles
 d - 6 rations


   Skills:
 - Level 2.0 Fighting
 - Level 2.0 Short Blades
 - Level 2.0 Throwing
 - Level 1.0 Dodging
 + Level 10.2 Stealth


You had 5 spell levels left.
You didn't know any spells.
Your spell library contained the following spells:

 Spells                   Type           Power        Failure   Level  Hunger
 Magic Dart               Conj           #...         26%         1    ##.....
 Blink                    Tloc           N/A          38%         2    ###....
 Call Imp                 Summ           #.......     38%         2    ###....
 Slow                     Hex            #.......     38%         2    ###....
 Conjure Flame            Conj/Fire      #.......     63%         3    ####...
 Mephitic Cloud           Conj/Pois/Air  #.......     63%         3    ####...


Dungeon Overview and Level Annotations

Branches:
Dungeon (4/15)
 Temple: D:4-7

Altars:
Okawaru


Innate Abilities, Weirdness & Mutations

You cannot wear most types of armour.
You are very stealthy in the water. (Stealth+)
You are amphibious.
You can wear up to eight rings at the same time.
You can use your tentacles to constrict eight enemies at once.
Your skin changes colour to match your surroundings (Stealth+).
Your rubbery body absorbs attacks. (AC +1, EV +1)


Message History

Aim: a phantom (heavily damaged)
You throw a stone. The stone hits the phantom.
The phantom is heavily damaged.
Throwing (i - inventory. (/) - cycle)
j - 151 stones (quivered)
Press: ? - help, Shift-Dir - straight line, f/p - phantom
Aim: a phantom (heavily damaged)
You throw a stone. The stone misses the phantom.
Throwing (i - inventory. (/) - cycle)
j - 150 stones (quivered)
Press: ? - help, Shift-Dir - straight line, f/p - phantom
Aim: a phantom (heavily damaged)
You throw a stone. The stone closely misses the phantom.
Throwing (i - inventory. (/) - cycle)
j - 149 stones (quivered)
Press: ? - help, Shift-Dir - straight line, f/p - phantom
Aim: a phantom (heavily damaged)
Okay, then.
Unknown command.
You hit the phantom.
The phantom is heavily damaged.
The phantom hits you!
You die...

......#..........#.####.### #.#
.........(....####..#....### #.#
......................##...###.#
..........(...........####..##.##
............(........###.........
.......[..<......................
.....................###.........
...............W.......#.........
................@................
..............####..##....##.....
.....<.....#### #.#####....###.#
........#.## ##.# ###....#.#
.......)..# ####..# ##.#....
..........####....## #.#....
.........#.....#### #.#.^..
.........#.##### #.#....
...........# #...##.


You could see a phantom.

Vanquished Creatures
  A hound (D:4)
  Crazy Yiuf (D:2)
  A worker ant (D:4)
  2 orc wizards
  A hound skeleton (D:4)
  2 adders (D:3)
  An ooze (D:3)
  An adder skeleton (D:4)
  A worm (D:3)
  5 dart slugs
  5 leopard geckos
  9 orcs
  3 ball pythons
  8 bats
  2 giant cockroaches (D:2)
  6 goblins
  11 hobgoblins
  5 quokkas
  9 frilled lizards
  A jackal skeleton (D:4)
  9 kobolds
  6 rats
90 creatures vanquished.

Notes
Turn   | Place    | Note
-------+----------+-------------------------------------------
     0 | D:1      | Hugehornet the Octopode Assassin began the quest for the
                  | Orb.
     0 | D:1      | Reached XP level 1. HP: 14/14 MP: 1/1
   107 | D:1      | Reached XP level 2. HP: 19/19 MP: 2/2
   162 | D:1      | Reached skill level 6 in Stealth
   885 | D:2      | Reached XP level 3. HP: 24/24 MP: 3/3
   924 | D:2      | Found a faded altar of an unknown god.
  1024 | D:2      | Found a runed translucent door.
  1025 | D:2      | Noticed Crazy Yiuf
  1081 | D:2      | Found an iron altar of Okawaru.
  1102 | D:2      | Reached skill level 7 in Stealth
  1873 | D:2      | Killed Crazy Yiuf
  1873 | D:2      | Reached XP level 4. HP: 29/29 MP: 4/4
  1900 | D:3      | Reached skill level 8 in Stealth
  2354 | D:3      | Reached XP level 5. HP: 25/34 MP: 5/5
  2464 | D:3      | Reached skill level 9 in Stealth
  3253 | D:4      | Noticed a phantom
  3268 | D:4      | Reached XP level 6. HP: 36/39 MP: 6/6
  3275 | D:4      | Reached skill level 10 in Stealth
  3354 | D:3      | Slain by a phantom

Levels and vault maps discovered:
D:1:      dpeg_arrival_line_fractal, layout_basic
D:2:      layout_basic, okawaru_gym_becter, chequers_ecumenical_altar_island,
          first_ration, uniq_crazy_yiuf_cottage
D:3:      layout_rooms, minivault_11
D:4:      layout_rooms, led_sif_pool, overflow_temple_1_default

Skill      XL: |  1  2  3  4  5  6 |
---------------+-------------------+-----
Stealth        | 6 7 8 9 10 | 10.2
Fighting       | |  2.0
Short Blades   | |  2.0
Throwing       | |  2.0
Dodging        | |  1.0

Action                   |  1- 3 |  4- 6 || total
-------------------------+-------+-------++-------
Melee: Dagger            |    56 |   118 ||   174
       Constrict         |    10 |    31 ||    41
       Tentacles         |     4 |    30 ||    34
Throw: Stone             |       |    12 ||    12
  Use: Scroll            |     1 |     4 ||     5
       Potion            |       |     3 ||     3
 Stab: Sleeping          |    24 |     7 ||    31
       Distracted        |       |     1 ||     1
  Eat: Chunk             |     3 |     4 ||     7
Armor: Skin              |     3 |    13 ||    16
Dodge: Dodged            |    18 |    83 ||   101
